AoeStats
← XxRauwAlejandroxX

QS Arena

503529129Analyzed
3v3 RM · 1mo ago on Sep 1, 2026· 55m 24s· 6 players
Game mode
Random Map
Map size
Normal (6 player)
Population
200
Speed
Normal
Resources
Standard
Victory
Conquest
Starting age
Dark Age
Ending age
Imperial Age
RankedLock teamsTeams togetherTeam positionsShared explorationLock speedFull tech treeHidden civsTurbo modeCheats
Victory
Defeat
🇨🇱 Cumans · Chile
1323
+4
🇨🇱 Franks · Chile
940
+17
🇨🇱 Spanish · Chile
695
+26
🇲🇽 Spanish · Mexico
1033
-18
🇨🇳 Franks · China
988
-16
🇲🇽 Italians · Mexico
862
-11
ElLechero901
10:35 Feudal Age
15:30 Castle Age
13:45 Stone Mining
13:39 Horse Collar
13:45 Double-Bit Axe
16:53 Wheelbarrow
16:33 Bow Saw
19:05 Gold Mining
21:07 Murder Holes
26:04 Scale Barding Armor
34:35 Husbandry
34:46 Bloodlines
34:55 Bloodlines
37:15 Chain Barding Armor
36:57 Padded Archer Armor
37:09 Forging
36:49 Fletching
41:20 Imperial Age
39:10 Hand Cart
41:31 Caravan
42:25 Arson
42:41 Squires
42:02 Pikeman
42:52 Thumb Ring
42:40 Gambesons
42:21 Cavalier
46:08 Chemistry
45:29 Ballistics
44:50 Halberdier
44:52 Man-at-Arms
45:00 Paladin
47:48 Elite Skirmisher
50:12 Scale Mail Armor
50:09 Bodkin Arrow
50:49 Iron Casting
diegogabriel6
2:21 Loom
9:10 Feudal Age
13:32 Castle Age
12:11 Wheelbarrow
12:02 Double-Bit Axe
21:09 Bow Saw
21:50 Scale Barding Armor
22:13 Hand Cart
24:32 Chain Barding Armor
25:53 Forging
25:46 Husbandry
29:17 Imperial Age
27:36 Iron Casting
28:33 Scale Mail Armor
29:58 Chain Mail Armor
29:50 Squires
29:24 Cavalier
31:15 Plate Barding Armor
31:06 Gold Mining
31:55 #83
32:26 Gold Shaft Mining
31:46 Stone Mining
32:31 Elite Throwing Axeman
33:45 Ballistics
35:20 Blast Furnace
38:13 Plate Mail Armor
37:34 Paladin
39:25 Fletching
46:44 Bodkin Arrow
EzZe
5:53 Loom
8:04 Feudal Age
9:21 Double-Bit Axe
13:51 Fletching
15:19 Town Watch
20:22 Horse Collar
24:47 Castle Age
23:49 Gold Mining
25:53 Wheelbarrow
26:25 Wheelbarrow
26:10 Capped Ram
28:21 Fervor
28:42 Sanctity
28:48 Bow Saw
30:01 Gold Shaft Mining
30:03 Hand Cart
31:21 Ballistics
32:02 Masonry
31:59 Heavy Plow
33:13 Town Patrol
35:49 Imperial Age
34:16 Murder Holes
34:33 Squires
35:31 Thumb Ring
35:37 Bodkin Arrow
35:42 Padded Archer Armor
36:32 Forging
36:23 Scale Mail Armor
35:54 Pikeman
37:16 Stone Mining
36:51 Halberdier
37:47 Chain Mail Armor
38:11 Iron Casting
39:04 Plate Mail Armor
39:54 Two-Man Saw
39:27 Crop Rotation
40:01 Siege Ram
42:14 Blast Furnace
42:51 Arson
43:06 Man-at-Arms
44:55 Long Swordsman
46:25 Two-Handed Swordsman
47:15 Champion
49:14 Conscription
Silicio14Si
4:26 Loom
9:53 Feudal Age
14:45 Castle Age
15:16 Man-at-Arms
22:20 Horse Collar
26:50 Gold Mining
27:03 Heavy Plow
26:51 Double-Bit Axe
30:28 Wheelbarrow
30:29 Padded Archer Armor
32:13 Hand Cart
34:34 Leather Archer Armor
34:51 Scale Mail Armor
35:01 Forging
35:14 Pikeman
35:55 Squires
36:13 Chain Mail Armor
39:41 Imperial Age
38:51 Iron Casting
40:59 Ring Archer Armor
41:33 Blast Furnace
41:05 Plate Mail Armor
42:42 Bow Saw
42:57 Conscription
42:40 Fletching
43:29 Hoardings
43:14 Halberdier
44:24 Scale Barding Armor
45:12 Supremacy
46:36 Sappers
51:25 Long Swordsman
XxRauwAlejandroxX
0:44 Loom
8:59 Feudal Age
9:40 Double-Bit Axe
10:33 Wheelbarrow
11:22 Horse Collar
13:25 Gold Mining
13:27 Stone Mining
17:05 Fletching
19:25 Castle Age
22:06 Stone Shaft Mining
21:50 Hand Cart
21:41 Heavy Plow
21:54 Bow Saw
23:45 Bodkin Arrow
34:46 Thumb Ring
35:04 Ballistics
34:55 Fortified Wall
34:26 Treadmill Crane
37:31 Padded Archer Armor
38:06 Masonry
38:12 Bloodlines
38:03 Husbandry
37:55 Light Cavalry
43:08 Imperial Age
40:52 Town Watch
42:18 Silk Road
42:38 Scale Mail Armor
42:49 Forging
42:45 Scale Barding Armor
42:56 Leather Archer Armor
43:42 Caravan
45:11 Chemistry
43:36 Capped Ram
45:42 Conscription
45:22 Elite Genoese Crossbowman
46:07 Hussar
48:19 Two-Man Saw
50:30 Iron Casting
50:26 Ring Archer Armor
50:12 Chain Mail Armor
Armstrong111
1:29 Loom
7:38 Feudal Age
8:09 Feudal Age
8:57 Loom
14:09 Castle Age
12:16 Double-Bit Axe
13:42 Scale Barding Armor
15:33 Gold Mining
17:57 Bow Saw
20:04 Forging
21:15 Wheelbarrow
20:25 Town Watch
22:55 Gold Shaft Mining
24:02 Chain Barding Armor
24:17 Iron Casting
25:44 Fervor
25:58 Hand Cart
25:28 Town Watch
26:53 Husbandry
31:24 Imperial Age
29:04 Town Patrol
30:03 Iron Casting
29:33 Scale Mail Armor
30:29 Stone Mining
31:15 Masonry
31:16 Fortified Wall
31:12 Devotion
31:35 Cavalier
32:51 Plate Barding Armor
33:17 Blast Furnace
32:52 Ballistics
33:07 Architecture
33:37 Chemistry
33:24 Fletching
33:20 Paladin
35:04 Chain Mail Armor
35:52 Light Cavalry
36:54 Conscription
37:10 Hoardings
37:55 Plate Mail Armor
40:08 Bodkin Arrow
41:48 Herbal Medicine
42:52 Padded Archer Armor
48:45 Leather Archer Armor
Connection lost

Rejoining the realm…

Still unreachable

The connection could not be restored.

Session expired

The server has moved on; the page needs a fresh start.